 Dungeon Crawl Stone Soup version 0.32-a0-136-gc02482bde3 (webtiles) character file.

Game seed: 349969568513100260

17655 jasper the Cruncher (level 12, -4/77 HPs)
             Began as a Gargoyle Earth Elementalist on Feb 10, 2024.
             Was a High Priest of Vehumet.
             Hit by a large rock thrown by a cyclops (15 damage)
             ... on level 11 of the Dungeon.
             The game lasted 00:23:51 (12035 turns).

jasper the Cruncher (Gargoyle Earth Elementalist)  Turns: 12035, Time: 00:23:51

Health: -4/77      AC: 22    Str: 12      XL:     12   Next: 50%
Magic:  9/15       EV: 24    Int: 26 (27) God:    Vehumet [*****.]
Gold:   633        SH:  0    Dex: 10      Spells: 2/15 levels left

rFire   + + .        n - staff of conjuration
rCold   x . .        (no shield)
rNeg    + . .        u - +0 fire dragon scales
rPois   ∞            F - +0 helmet
rElec   +            (no cloak)
rCorr   .            z - +0 pair of gloves
SInv    .            (no boots)
Will    .....        M - amulet of the acrobat Stlth
                     K - +6 ring of intelligence
HPRegen 0.32/turn    q - ring of wizardry
MPRegen 0.14/turn

%: acrobat, wizardry (x1)
@: acrobatic, hasted, very quick
A: sickness immunity, AC +8, negative energy resistance 1, electricity
resistance, torment resistance 1, petrification resistance, deterioration 1,
sense surroundings 1, persistent drain
a: Renounce Religion


You were on level 11 of the Dungeon.
You worshipped Vehumet.
Vehumet was extremely pleased with you.
You visited 2 branches of the dungeon, and saw 12 of its levels.
You also visited: Sewer.

You collected 699 gold pieces.
You spent 66 gold pieces at shops.

Inventory:

Hand Weapons
 d - a +0 short sword
 h - a +2 vampiric dagger
 l - a +0 falchion
 N - a +1 vampiric whip
 Q - a +0 quarterstaff
Missiles
 g - 103 stones
 O - 12 poisoned darts
Armour
 a - a +0 robe
 f - a +1 leather armour
 i - a +0 ring mail
 u - +0 fire dragon scales (worn)
 y - a +0 troll leather armour {Pargi}
 z - a +0 pair of gloves (worn)
 F - a +0 helmet (worn)
Magical Staves
 n - a staff of conjuration (weapon)
Jewellery
 q - a ring of wizardry (right hand)
 r - a ring of fire
 C - an amulet of faith
 E - a +4 ring of protection
 I - a +4 ring of protection
 K - a +6 ring of intelligence (left hand)
 M - an amulet of the acrobat (around neck)
 P - a ring of flight
 R - the ring "Beekir" {*Slow rPois rN++ EV+5 Int-3 Stlth+}
   (You took it off an orc warrior on level 11 of the Dungeon)

   [ring of evasion]

   EV+5:      It affects your evasion (+5).
   Int-3:     It affects your intelligence (-3).
   rPois:     It protects you from poison rN++: It greatly protects you from
   negative energy.
   *Slow:     It may slow you when you take damage.
   Stlth+:    It makes you more stealthy.
Wands
 D - a wand of charming (11)
 L - a wand of digging (5)
Scrolls
 b - 3 scrolls of identify
 m - 3 scrolls of noise
 o - 2 scrolls of amnesia
 w - a scroll of vulnerability
 H - a scroll of revelation
Potions
 c - a potion of haste
 e - 2 potions of berserk rage
 j - 2 potions of might
 k - 4 potions of enlightenment
 s - 2 potions of curing
 t - 2 potions of lignification
 v - 4 potions of attraction
 x - a potion of resistance
 A - 2 potions of mutation
 B - 2 potions of invisibility {unknown}
 G - 3 potions of degeneration {unknown}
 J - a potion of cancellation {unknown}
 S - a potion of brilliance {unknown}
Miscellaneous
 p - a lightning rod (inert)


   Skills:
 + Level 10.1 Fighting
 * Level 11.1 Staves
 + Level 8.5 Armour
 - Level 1.5 Dodging
 - Level 2.1 Stealth
 - Level 2.0 Spellcasting
 - Level 2.0 Conjurations
 - Level 3.0 Translocations
 - Level 11.0 Earth Magic
 + Level 3.5 Alchemy
 - Level 5.0 Evocations


You had 2 spell levels left.
You knew the following spells:

 Your Spells              Type           Power      Damage    Failure   Level
a - Sandblast             Erth           100%       2d20      1%          1
b - Passwall              Erth           56%        N/A       1%          3
c - Blink                 Tloc           36%        N/A       10%         2
d - Stone Arrow           Conj/Erth      100%       3d13      1%          3
e - Leda's Liquefaction   Alch/Erth      20%        N/A       12%         4

Your spell library contained the following spells:

 Spells                   Type           Power      Damage    Failure   Level
 Fulminant Prism          Conj/Alch      12%        3d9       17%         4
 Magic Dart               Conj           76%        1d6       2%          1
 Call Imp                 Summ           4%         N/A       32%         2
 Ensorcelled Hibernation  Hex/Ice        4%         N/A       32%         2
 Jinxbite                 Hex            4%         N/A       32%         2
 Lee's Rapid Deconstruct  Erth           28%        3d15*     1%          5
 Brom's Barrelling Bould  Conj/Erth      53%        2d7       4%          4
 Volatile Blastmotes      Fire/Tloc      20%        2d11      9%          3
 Dazzling Flash           Conj/Hex       22%        N/A       11%         3
 Petrify                  Alch/Erth      40%        N/A       12%         4
 Iskenderun's Mystic Bla  Conj/Tloc      23%        2d6       19%         4
 Irradiate                Conj/Alch      12%        3d15      38%         5
 Bombard                  Conj/Erth      26%        9d5       45%         6
 Yara's Violent Unravell  Hex/Alch       5%         3d4       50%         5
 Fugue of the Fallen      Necr           2%         N/A       52%         3
 Ozocubu's Armour         Ice            2%         N/A       52%         3
 Tukima's Dance           Hex            2%         N/A       52%         3
 Manifold Assault         Tloc           18%        N/A       52%         4
 Dimensional Bullseye     Hex/Tloc       5%         N/A       71%         4
 Anguish                  Hex/Necr       1%         N/A       89%         4
 Starburst                Conj/Fire      5%         6d4       97%         6
 Maxwell's Capacitive Co  Air            1%         ∞         99%         8
 Enfeeble                 Hex            1%         N/A       100%        7
 Sublimation of Blood     Necr           Unusable   N/A       N/A         2

Dungeon Overview and Level Annotations

Branches:
Dungeon (11/15)            Temple (1/1) D:4            Lair (0/5) D:8
  Sewer (visited)
    Orc: D:9-12

Altars:
Ashenzari
Cheibriados
Dithmenos
Elyvilon
Fedhas
Gozag
Hepliaklqana
Kikubaaqudgha
Makhleb
Nemelex Xobeh
Okawaru
Qazlal
Ru
Sif Muna
Trog
Uskayaw
Vehumet
Wu Jian
Xom
Yredelemnul
Zin
The Shining One

Shops:
D:3 !


Innate Abilities, Weirdness & Mutations

You are immune to sickness and miasma.
Your stone body is resilient. (AC +8)
You are immune to poison.
You resist negative energy. (rN+)
You are resistant to electric shocks. (rElec)
You are resistant to unholy torment.
You are immune to petrification.
Your body sometimes deteriorates upon taking damage.
You passively map a small area around you.
Your health recovers twice as slowly from being drained.


Message History

The orc warrior shouts!
The yak bellows!
The orc priest completely misses you. The orc closely misses you.
An orc comes into view.
It is wielding the +5 morningstar of the Whelk {freeze, *Slow Dex+6 Stlth+}.
The orc warrior unwields a +0 battleaxe.
The orc warrior wields a +0 orcbow.
The orc warrior shoots an arrow.
The arrow misses you.
A yak comes into view.
The orc shouts!
The yak bellows!
You hear a shout!
The orc priest closely misses you.
Aiming: Dig
Press: ? - help, Shift-Dir - straight line A rock wall.
The rock shatters into small pieces.
A brown ugly thing comes into view.
The brown ugly thing gurgles horribly!
The orc priest closely misses you. The orc hits you but does no damage.
Found 4 stones.
Aiming: Dig
Press: ? - help, Shift-Dir - straight line A rock wall.
The rock shatters into small pieces.
You hear a shout!
The orc wizard casts a spell.
The orc wizard flickers and vanishes!
Deactivating autopickup; reactivate with Ctrl-A.
A yak comes into view.
A cyclops comes into view.
The cyclops shouts!
The brown ugly thing attacks as it pursues you!
The brown ugly thing gores you but does no damage.
You feel yourself speed up.
The brown ugly thing gores you but does no damage.
An orc priest comes into view. It is wielding a +0 dagger.
The brown ugly thing attacks as it pursues you!
The brown ugly thing completely misses you.
The cyclops throws a large rock.
The large rock hits you!
* * * LOW HITPOINT WARNING * * *
You take 16 damage, and have 11/77 hp.
MASSIVE DAMAGE!!
The cyclops throws a large rock.
The large rock hits you!
You die...

#.#.o.YoYY.. , , *
* #.##Hoo#...# * ,
,#.#.#ß## .##* *
*#..#H## ** *,*
##...#.#####. *
##..u.........# *
#.##.#...###.###.#
* *
..(.....#####C##,
, ..........@....#
*
#.###########.#..#
, * #.# * ,** **
.# , , , , * **


You could see a cyclops.

Vanquished Creatures
  A hydra (D:11)
  4 two-headed ogres
  Erica (D:10)
  A soul eater (D:9)
  An arcanist (D:11)
  A deep elf pyromancer (D:11)
  An ugly thing (D:8)
  2 manticores (D:11)
  2 cyclopes (D:11)
  A rust devil (D:9)
  A kobold demonologist (D:10)
  2 unseen horrors (D:11)
  2 rime drakes (D:11)
  2 efreet (D:11)
  A komodo dragon (D:11)
  4 trolls
  5 slime creatures (D:10)
  A centaur simulacrum (D:11)
  A shadow (D:10)
  A spriggan (shapeshifter) (D:11)
  2 wraiths (D:11)
  2 wyverns
  A steam dragon (D:9)
  3 yaks (D:9)
  Grum (D:9)
  A neqoxec (D:9)
  Menkaure (D:7)
  2 acid dragons
  A water moccasin (D:9)
  Pargi (Sewer)
  2 sky beasts
  2 black bears (D:5)
  5 orc warriors
  2 ogres (D:7)
  6 wolves
  5 centaurs
  4 kobold brigands
  2 bullfrogs
  2 gnoll sergeants
  3 wights (D:10)
  4 killer bees (D:11)
  A vampire bat (D:3)
  4 electric eels (D:8)
  7 howler monkeys
  A quasit (D:9)
  2 bombardier beetles
  6 hounds
  4 jellies
  3 orc priests
  An iron imp (D:9)
  3 sleepcaps (D:5)
  2 iguanas (D:5)
  17 orc wizards
  7 gnolls
  A river rat (D:4)
  8 adders
  2 shadow imps
  3 white imps
  2 ufetubi (D:7)
  2 dart slugs (D:3)
  3 fire bats (D:3)
  A ribbon worm (D:3)
  41 orcs
  2 spectral bats (D:3)
  6 ball pythons
  3 bat skeletons (D:3)
  A bat zombie (D:3)
  6 endoplasms
  3 giant cockroaches
  8 goblins
  11 hobgoblins
  5 quokkas
  15 bats
  A bat simulacrum (D:3)
  2 frilled lizards
  20 kobolds
  5 rats
296 creatures vanquished.

Vanquished Creatures (others)
  A centaur warrior (D:11)
1 creature vanquished.

Grand Total: 297 creatures vanquished

Notes
Turn   | Place    | Note
-------+----------+-------------------------------------------
     0 | D:1      | jasper the Gargoyle Earth Elementalist began the quest for
                  | the Orb.
     0 | D:1      | Reached XP level 1. HP: 10/10 MP: 3/3
   334 | D:1      | Reached XP level 2. HP: 15/15 MP: 3/5
   769 | D:2      | Reached skill level 5 in Earth Magic
   769 | D:2      | Reached XP level 3. HP: 19/19 MP: 4/6
   773 | D:2      | Learned a level 3 spell: Passwall
   776 | D:2      | Learned a level 2 spell: Blink
  1259 | D:2      | Reached XP level 4. HP: 24/24 MP: 3/7
  1674 | D:3      | Found Uddeiv's Distillery.
  1685 | D:3      | Bought a potion of curing for 33 gold pieces
  1685 | D:3      | Bought a potion of lignification for 33 gold pieces
  1810 | D:3      | Reached XP level 5. HP: 28/28 MP: 6/8
  1900 | D:3      | Found a snail-covered altar of Cheibriados.
  2549 | D:3      | Reached XP level 6. HP: 32/32 MP: 3/9
  2903 | D:4      | Noticed a sky beast
  3034 | D:4      | Killed a sky beast
  3047 | D:4      | Learned a level 3 spell: Stone Arrow
  3184 | D:4      | Found a staircase to the Ecumenical Temple.
  3195 | Temple   | Entered the Ecumenical Temple
  3207 | Temple   | Became a worshipper of Vehumet
  3303 | D:4      | Noticed a yak
  3355 | D:4      | Reached XP level 7. HP: 26/36 MP: 7/10
  3421 | D:4      | Found a glowing drain.
  3425 | Sewer    | Entered a sewer
  3485 | Sewer    | Noticed Pargi
  3487 | Sewer    | Killed Pargi
  3565 | Sewer    | Reached skill level 10 in Earth Magic
  3941 | D:5      | Entered Level 5 of the Dungeon
  3977 | D:5      | Reached * piety under Vehumet
  3977 | D:5      | Offered knowledge of Freeze by Vehumet.
  4128 | D:5      | Identified the +2 scale mail "Qola" {Rampage Dex+3}
  4154 | D:5      | Reached XP level 8. HP: 44/44 MP: 8/11
  4304 | D:5      | Reached skill level 1 in Translocations
  5403 | D:7      | Offered knowledge of Kiss of Death by Vehumet.
  5405 | D:7      | Reached skill level 5 in Fighting
  5518 | D:2      | Reached ** piety under Vehumet
  5882 | D:7      | Reached skill level 1 in Staves
  5986 | D:7      | Reached skill level 1 in Armour
  5986 | D:7      | Reached XP level 9. HP: 54/54 MP: 8/12
  5988 | D:7      | Reached skill level 1 in Evocations
  6068 | D:7      | Found an ornate altar of the Wu Jian Council.
  6090 | D:7      | Noticed Menkaure
  6098 | D:7      | Killed Menkaure
  6656 | D:7      | Identified the +5 great sword "Warueps" {flame, *Rage Str+2
                  | Dex+3}
  7046 | D:8      | Found an opulent altar of Gozag.
  7073 | D:8      | Found a bloodstained altar of Trog.
  7074 | D:8      | Offered knowledge of Mercury Vapours by Vehumet.
  7242 | D:8      | Reached skill level 5 in Staves
  7320 | D:8      | Noticed a troll
  7326 | D:8      | Killed a troll
  7327 | D:8      | Reached XP level 10. HP: 61/61 MP: 10/13
  7331 | D:8      | Reached *** piety under Vehumet
  7532 | D:8      | Found a staircase to the Lair.
  7778 | D:8      | Noticed a brown ugly thing
  7788 | D:8      | Killed a brown ugly thing
  7877 | D:9      | Noticed Grum
  7901 | D:9      | Offered knowledge of Airstrike by Vehumet.
  7939 | D:9      | Reached skill level 5 in Armour
  8072 | D:9      | Noticed a soul eater
  8087 | D:9      | Killed a soul eater
  8178 | D:9      | Gained mutation: Your health recovers twice as slowly from
                  | being drained. [a neqoxec]
  8179 | D:9      | Gained mutation: You occasionally shout uncontrollably at
                  | your foes. [a neqoxec]
  8182 | D:9      | Gained mutation: You are dopey. (Int -2) [a neqoxec]
  8263 | D:9      | Noticed a rust devil
  8272 | D:9      | Killed a rust devil
  8338 | D:9      | Killed Grum
  8338 | D:9      | Reached **** piety under Vehumet
  8340 | D:9      | Reached XP level 11. HP: 32/68 MP: 8/14
  8731 | D:9      | Lost mutation: You occasionally shout uncontrollably at
                  | your foes. [potion of mutation]
  8731 | D:9      | Lost mutation: You are dopey. (Int -2) [potion of mutation]
  8731 | D:9      | Gained mutation: You passively map a small area around you.
                  | [potion of mutation]
  8760 | D:10     | Entered Level 10 of the Dungeon
  8840 | D:10     | Noticed a two-headed ogre
  8854 | D:10     | Noticed a two-headed ogre
  9078 | D:11     | Learned a level 4 spell: Leda's Liquefaction
  9123 | D:11     | Reached skill level 5 in Evocations
  9190 | D:11     | Noticed an eight-headed hydra
  9190 | D:11     | Noticed a deep elf pyromancer
  9194 | D:11     | Killed a deep elf pyromancer
  9198 | D:11     | Killed an eight-headed hydra
  9198 | D:11     | Offered knowledge of Inner Flame by Vehumet.
  9262 | D:11     | Noticed a cyclops
  9265 | D:11     | Killed a cyclops
  9473 | D:11     | Noticed a two-headed ogre
  9474 | D:11     | Noticed an entropy weaver
  9481 | D:11     | an entropy weaver changed into a spriggan
  9482 | D:11     | Noticed an arcanist
  9482 | D:11     | Noticed a boulder beetle
  9484 | D:11     | Noticed a manticore
  9485 | D:11     | Killed an arcanist
  9486 | D:11     | Noticed a manticore
  9486 | D:11     | Noticed a centaur warrior
  9511 | D:11     | Reached skill level 1 in Alchemy
  9682 | D:11     | Killed a manticore
  9959 | D:11     | Noticed a manticore
  9992 | D:10     | Noticed a two-headed ogre
 10015 | D:10     | Killed a two-headed ogre
 10016 | D:10     | Reached skill level 10 in Staves
 10257 | D:10     | Reached XP level 12. HP: 41/76 MP: 2/15
 10396 | D:10     | Killed a two-headed ogre
 10563 | D:10     | Killed a two-headed ogre
 10835 | D:10     | Gained mutation: Your body sometimes deteriorates upon
                  | taking damage. [a neqoxec]
 10868 | D:10     | Noticed Erica
 10874 | D:10     | Killed Erica
 11430 | D:11     | Noticed a two-headed ogre
 11435 | D:11     | Killed a two-headed ogre
 11436 | D:11     | Reached skill level 10 in Fighting
 11562 | D:11     | Identified the ring "Beekir" {*Slow rPois rN++ EV+5 Int-3
                  | Stlth+}
 11568 | D:11     | Reached ***** piety under Vehumet
 11724 | D:11     | Offered knowledge of Fulminant Prism by Vehumet.
 12003 | D:11     | Identified the staff of Brutal Revenge {Str+2 Earth}
 12022 | D:11     | Identified the +5 morningstar of the Whelk {freeze, *Slow
                  | Dex+6 Stlth+}
 12035 | D:11     | Hit by a large rock thrown by a cyclops

Illustrated notes

Levels and vault maps discovered:
D:1:      heliophobic_arrival_henge, layout_rooms
D:2:      layout_basic, serial_rivers, chequers_serial_rivers_large_a,
          chequers_serial_rivers_micro_c, chequers_serial_rivers_micro_b,
          chequers_serial_rivers_large_b, minmay_3d_cube
D:3:      minmay_recursive_quarters, layout_loops_ring, kennysheep_slug_shrine,
          serial_shops, shop, goddamned_bats
D:4:      layout_rooms, minmay_temple_entry_glass, gup_sewer_entry_bowl,
          lightli_corner_chamber
D:5:      layout_basic
D:6:      layout_rooms
D:7:      layout_basic, kennysheep_mini_moat, uniq_menkaure
D:8:      layout_cave_pools, nicolae_overflow_squiral, erik_lair_island,
          serial_column_ruins, column_ruins_hut, column_ruins_hut_water,
          column_ruins_corridor_corner, column_ruins_grid_1,
          column_ruins_grid_1, column_ruins_open_large,
          column_ruins_open_medium, kennysheep_generic_room_6
D:9:      layout_rooms, nicolae_demonic_statue_gallery, uniq_grum
D:10:     layout_irregular_city, minmay_chambers_of_fives, uniq_erica
D:11:     minmay_the_grid_octo_2x2 [minmay_the_grid_octo_pinwheel,
          minmay_the_grid_octo_teeth, minmay_the_grid_octo_chip,
          minmay_the_grid_octo_prize_star], layout_loops_ring, david_orc_4,
          portal_ice_cave_rime, nicolae_kikubaaqudgha_miasma_corner
Temple:   hc_temple_tempest_star

Skill      XL: |  1  2  3  4  5  6  7  8  9 10 11 12 |
---------------+-------------------------------------+-----
Earth Magic    | 4 5 6 8 9 11 | 11.0
Fighting       | 2 5 6 8 9 10 | 10.1
Translocations | 3 |  3.0
Conjurations   | 2 |  2.0
Staves         | 1 5 7 10 11 | 11.1
Armour         | 1 4 5 7 8 |  8.5
Evocations     | 3 4 5 |  5.0
Alchemy        | 2 3 |  3.5
Dodging        | |  1.5
Stealth        | |  2.1
Spellcasting   | |  2.0

Action                     |  1- 3 |  4- 6 |  7- 9 | 10-12 || total
---------------------------+-------+-------+-------+-------++-------
  Melee: Dagger            |       |     9 |     5 |       ||    14
         Punch             |       |     1 |     1 |     5 ||     7
         Staff             |       |       |     4 |    75 ||    79
  Throw: Stone             |     5 |     5 |     5 |     1 ||    16
         Dart              |       |       |     5 |       ||     5
   Cast: Sandblast         |    36 |    86 |   179 |   185 ||   486
         Stone Arrow       |       |       |     2 |    81 ||    83
         Blink             |       |       |     1 |     4 ||     5
  Evoke: Wand              |       |       |       |    12 ||    12
         Lightning rod     |       |       |       |    10 ||    10
    Use: Scroll            |     2 |       |    15 |     6 ||    23
         Potion            |       |       |       |     6 ||     6
 Armour: Leather armour    |     1 |    40 |    65 |    10 ||   116
         Fire dragon scale |       |       |       |   298 ||   298
  Dodge: Dodged            |     2 |    25 |    35 |   107 ||   169

Table legend: (Time is in decaauts)
 A = Elapsed time spent in this place.
 B = Non-inter-level travel time spent in this place.
 C = Inter-level travel time spent in this place.
 D = Time resting spent in this place.
 E = Time spent auto-exploring this place.
 F = Levels seen in this place.
 G = Mean time per level.
                   A        B        C        D        E       F      G
               +--------+--------+--------+--------+--------+-----+--------+
         Total |  12302 |  11712 |    590 |   1918 |   7630 |  13 |  946.3 |
       Dungeon |  12005 |  11437 |    568 |   1918 |   7440 |  11 | 1091.4 |
        Temple |     24 |      2 |     22 |      0 |      0 |   1 |   24.0 |
         Sewer |    272 |    272 |      0 |      0 |    190 |   1 |  272.0 |
               +--------+--------+--------+--------+--------+-----+--------+

Top non-repeatable levels by time:
     D:3: 1753 daAuts
    D:10: 1646 daAuts
    D:11: 1645 daAuts
     D:7: 1165 daAuts
     D:8: 1124 daAuts
     D:2: 1035 daAuts
     D:5: 794 daAuts
     D:9: 789 daAuts
     D:4: 712 daAuts
     D:6: 707 daAuts
     D:1: 631 daAuts
   Sewer: 272 daAuts
  Temple: 24 daAuts
